AoeStats
← Robin5hood

MegaRandom

510370376Analyzed
2v2 RM · 2d ago on Sep 30, 2026· 40m 30s· 4 players
Game mode
Random Map
Map size
Medium (4 player)
Population
200
Speed
Normal
Resources
Standard
Victory
Conquest
Starting age
Dark Age
Ending age
Imperial Age
RankedLock teamsTeams togetherTeam positionsShared explorationLock speedFull tech treeHidden civsTurbo modeCheats
Victory
Defeat
🇬🇧 Varangians · United Kingdom
1474
+14
🇵🇱 Huns · Poland
1388
+17
🇺🇸 Chinese · United States
1455
-17
🇨🇴 Saracens · Colombia
1389
-14
ofespinelman
5:05 Loom
10:16 Feudal Age
10:50 Double-Bit Axe
18:57 Fletching
19:07 Padded Archer Armor
24:16 Castle Age
23:25 Scale Mail Armor
24:09 Forging
24:57 Bodkin Arrow
25:17 Leather Archer Armor
24:55 Crossbowman
25:03 Pikeman
27:31 Chain Mail Armor
31:43 Wheelbarrow
31:39 Ballistics
32:45 Thumb Ring
The Daunting Knight
0:26 Loom
10:08 Feudal Age
11:02 Double-Bit Axe
14:08 Fletching
20:48 Castle Age
21:49 Crossbowman
22:53 Bodkin Arrow
23:41 Padded Archer Armor
26:47 Leather Archer Armor
29:10 Leather Archer Armor
31:16 Ballistics
33:27 Thumb Ring
Bilu
6:32 Loom
9:15 Feudal Age
9:50 Double-Bit Axe
9:47 Horse Collar
11:39 Town Watch
20:07 Castle Age
18:39 Scale Barding Armor
19:21 Forging
19:21 Gold Mining
20:02 Bloodlines
20:24 Light Cavalry
24:22 Bow Saw
28:51 Chain Barding Armor
32:52 Husbandry
33:47 Wheelbarrow
35:51 Hand Cart
37:34 Iron Casting
43:29 Imperial Age
Robin5hood
0:26 Loom
9:34 Feudal Age
10:40 Double-Bit Axe
14:19 Horse Collar
16:15 Bloodlines
18:41 Wheelbarrow
18:48 Fletching
21:49 Castle Age
20:33 Gold Mining
21:15 Fletching
22:30 Bodkin Arrow
23:01 Bow Saw
23:39 Town Watch
25:21 Thumb Ring
27:51 Husbandry
30:25 Ballistics
30:41 Padded Archer Armor
32:37 Leather Archer Armor
35:26 Heavy Plow
39:31 Imperial Age
38:23 Scale Barding Armor
38:29 Forging
38:56 Hand Cart
40:15 Bracer
41:19 Chemistry
40:31 Masonry
40:52 Parthian Tactics
Connection lost

Rejoining the realm…

Still unreachable

The connection could not be restored.

Session expired

The server has moved on; the page needs a fresh start.